[Event "7th Iberoamerican-ch 2019"]
[Site "Linares"]
[Date "2019.08.16"]
[Round "7.21"]
[White "Aizpurua, Patrick"]
[Black "Lopez Mulet, Inigo"]
[Result "1-0"]
[ECO "A40"]
[WhiteElo "2261"]
[BlackElo "2397"]
[Annotator "NA"]
[PlyCount "119"]
[EventDate "2019.08.10"]
[EventType "swiss"]
[EventCountry "ESP"]
[SourceTitle "playchess.com"]
[Source "ChessBase"]
[SourceQuality "1"]
[TimeControl "5400+30"]

1. d4 e6 2. Nf3 c5 3. g3 Nf6 4. Bg2 cxd4 5. Nxd4 d5 6. O-O e5 7. Nb3 h6 8. c4 d4 9. e3 d3 10. Nc3 Bg4 11. f3 Be6 12. f4 Nc6 13. Bxc6+ bxc6 14. fxe5 Bg4 15. Qd2 Nh7 16. Ne4 Be2 17. Rf2 Qb8 18. Qc3 Bb4 19. Nd6+ Qxd6 20. exd6 Bxc3 21. bxc3 Ng5 22. Kg2 Ne4 23. d7+ Kxd7 24. Rxf7+ Ke8 25. Rf4 Nxc3 26. Bb2 Nd1 27. Bxg7 Nxe3+ 28. Kf2 Rg8 29. Kxe3 Rxg7 30. Re4+ Kf7 31. Nc1 Bh5 32. Nxd3 Kg8 33. Nf4 Bf7 34. Rb1 Rd8 35. Ne6 Bxe6 36. Rxe6 c5 37. Re5 Rgd7 38. Rb2 Rd1 39. Rxc5 R8d7 40. Rc2 Kg7 41. Ke2 Rh1 42. Kf3 Kg6 43. Kg2 Rhd1 44. Re5 R7d2+ 45. Re2 Rd6 46. Kh3 Rc6 47. Re4 Rc5 48. Re6+ Kg5 49. Rce2 Rc1 50. R2e5+ Rxe5 51. Rxe5+ Kf6 52. Rc5 Rc2 53. a4 Kg6 54. g4 Kf6 55. Kg3 Rc1 56. Kh4 Kg7 57. Kh5 Rc3 58. h4 Rg3 59. Rc7+ Kf6 60. Rxa7 1-0

[Event "7th Iberoamerican-ch 2019"]
[Site "Linares"]
[Date "2019.08.16"]
[Round "7.22"]
[White "Cori T., Deysi"]
[Black "Balbuena Fuentes, Mario"]
[Result "1-0"]
[ECO "A40"]
[WhiteElo "2400"]
[BlackElo "2268"]
[Annotator "ChessBase"]
[PlyCount "91"]
[EventDate "2019.08.10"]
[EventType "swiss"]
[EventCountry "ESP"]
[SourceTitle "playchess.com"]
[Source "ChessBase"]
[SourceQuality "1"]
[TimeControl "5400+30"]

1. d4 e6 2. Nf3 f5 3. Bf4 Nf6 4. e3 b6 5. Nbd2 Bb7 6. c3 Be7 7. h3 O-O 8. Qc2 Ne4 9. Rg1 c5 10. Bd3 Nxd2 11. Nxd2 Nc6 12. g4 cxd4 13. exd4 Rc8 14. Qd1 Bf6 15. Bd6 Be7 16. Bf4 Bf6 17. Bd6 Be7 18. Bh2 f4 19. g5 g6 20. Nf3 Qe8 21. Kf1 Bd6 22. h4 Ne7 23. Rg4 Rc7 24. Nd2 Qa8 25. Kg1 e5 26. Qe1 exd4 27. Nc4 Rxc4 28. Bxc4+ Bd5 29. Qe2 Bxc4 30. Qxc4+ Qd5 31. Qxd5+ Nxd5 32. Rd1 Be5 33. cxd4 Bd6 34. Kg2 Rc8 35. Rd2 Kf7 36. Kf3 Ke6 37. Ke4 b5 38. h5 b4 39. hxg6 hxg6 40. Rh4 Rc1 41. Re2 Rd1 42. Rh7 Rh1 43. Rg7 Bf8 44. Kf3+ Kd6 45. Rxg6+ Kc7 46. Bxf4+ 1-0

[Event "7th Iberoamerican-ch 2019"]
[Site "Linares"]
[Date "2019.08.16"]
[Round "7.23"]
[White "Silva Rodriguez, Fernando"]
[Black "Valenzuela Gomez, Fernando"]
[Result "1/2-1/2"]
[ECO "B08"]
[WhiteElo "2253"]
[BlackElo "2388"]
[Annotator "NA"]
[PlyCount "52"]
[EventDate "2019.08.10"]
[EventType "swiss"]
[EventCountry "ESP"]
[SourceTitle "playchess.com"]
[Source "ChessBase"]
[SourceQuality "1"]
[TimeControl "5400+30"]

1. e4 g6 2. d4 Bg7 3. Nf3 d6 4. Be2 Nf6 5. Nc3 O-O 6. O-O a6 7. Re1 Nc6 8. d5 Na7 9. h3 Bd7 10. a4 c5 11. e5 Ne8 12. Bf1 b5 13. Bf4 bxa4 14. Nxa4 Rb8 15. b3 Bb5 16. c4 Bxa4 17. Rxa4 Nc7 18. Bd3 Nc8 19. Bc2 Rb6 20. exd6 exd6 21. Bd2 Rb8 22. h4 Nb6 23. Ra2 Nd7 24. h5 Ne5 25. Nxe5 Bxe5 26. Qg4 f5 1/2-1/2

[Event "7th Iberoamerican-ch 2019"]
[Site "Linares"]
[Date "2019.08.16"]
[Round "7.24"]
[White "Rodriguez Perez, Angel Mariano"]
[Black "Cruz Ravina, Francisco Javier"]
[Result "1/2-1/2"]
[ECO "C00"]
[WhiteElo "2223"]
[BlackElo "2366"]
[Annotator "NA"]
[PlyCount "50"]
[EventDate "2019.08.10"]
[EventType "swiss"]
[EventCountry "ESP"]
[SourceTitle "playchess.com"]
[Source "ChessBase"]
[SourceQuality "1"]
[TimeControl "5400+30"]

1. e4 e6 2. d4 d5 3. Bd3 dxe4 4. Bxe4 Nf6 5. Bf3 Bd6 6. Ne2 O-O 7. O-O c6 8. Nbc3 Nbd7 9. Ng3 Qc7 10. Kh1 Rd8 11. Nce4 Be7 12. Qe2 b6 13. Rd1 Bb7 14. Nc3 Nf8 15. Nge4 Rd7 16. Bg5 Nxe4 17. Nxe4 f5 18. Bxe7 fxe4 19. Bxf8 exf3 20. Qxe6+ Kxf8 21. Rd3 fxg2+ 22. Kg1 Rf7 23. Re3 Qf4 24. Re2 Ba6 25. c4 Qf6 1/2-1/2

[Event "7th Iberoamerican-ch 2019"]
[Site "Linares"]
[Date "2019.08.16"]
[Round "7.25"]
[White "Sos Andreu, Eric"]
[Black "Almagro Mazariegos, Sebastian"]
[Result "1/2-1/2"]
[ECO "E68"]
[WhiteElo "2354"]
[BlackElo "2268"]
[Annotator "NA"]
[PlyCount "70"]
[EventDate "2019.08.10"]
[EventType "swiss"]
[EventCountry "ESP"]
[SourceTitle "playchess.com"]
[Source "ChessBase"]
[SourceQuality "1"]
[TimeControl "5400+30"]

1. Nf3 Nf6 2. c4 g6 3. d4 Bg7 4. g3 O-O 5. Bg2 d6 6. O-O Nbd7 7. Nc3 e5 8. e4 a6 9. Re1 Rb8 10. a4 a5 11. b3 Re8 12. h3 c6 13. Be3 exd4 14. Nxd4 Qc7 15. f4 Nc5 16. Bf2 Bd7 17. g4 h5 18. g5 Nh7 19. Rb1 Ne6 20. Nxe6 Bxe6 21. Qd2 Rbd8 22. Rbc1 Nf8 23. Qc2 Bc8 24. Ne2 Ne6 25. Rcd1 b6 26. Be3 Nc5 27. Nd4 Bd7 28. Bc1 Qc8 29. Kh2 Re7 30. Bb2 Rde8 31. Re2 Qc7 32. Rf1 Kh7 33. Kh1 Qc8 34. Kh2 Qc7 35. Kh1 Qc8 1/2-1/2

[Event "7th Iberoamerican-ch 2019"]
[Site "Linares"]
[Date "2019.08.16"]
[Round "7.26"]
[White "Gavarrete, Nahun"]
[Black "Martinez-Conde Hernandez, Carlos"]
[Result "1-0"]
[ECO "E94"]
[WhiteElo "2349"]
[BlackElo "2046"]
[Annotator "NA"]
[PlyCount "57"]
[EventDate "2019.08.10"]
[EventType "swiss"]
[EventCountry "ESP"]
[SourceTitle "playchess.com"]
[Source "ChessBase"]
[SourceQuality "1"]
[TimeControl "5400+30"]

1. d4 Nf6 2. Nf3 g6 3. c4 Bg7 4. Nc3 O-O 5. e4 d6 6. Be2 e5 7. O-O Na6 8. dxe5 dxe5 9. Bg5 Qe8 10. Qc2 c6 11. h3 Nh5 12. Rad1 f6 13. Be3 Nf4 14. Rfe1 Nxe2+ 15. Rxe2 Qe7 16. Na4 Be6 17. Red2 c5 18. Nc3 b6 19. Qa4 Nb8 20. Nd5 Qb7 21. Qb5 Kh8 22. Bxc5 Rc8 23. Nxb6 axb6 24. Rd8+ Bf8 25. Qe8 Rxd8 26. Rxd8 Nd7 27. Rxa8 bxc5 28. Rd8 Qc7 29. Rxd7 1-0

[Event "7th Iberoamerican-ch 2019"]
[Site "Linares"]
[Date "2019.08.16"]
[Round "7.27"]
[White "Blanco Acevedo, Cristobal Jose"]
[Black "Jimenez Bernal, Francisco"]
[Result "1-0"]
[ECO "E53"]
[WhiteElo "2342"]
[BlackElo "2222"]
[Annotator "NA"]
[PlyCount "83"]
[EventDate "2019.08.10"]
[EventType "swiss"]
[EventCountry "ESP"]
[SourceTitle "playchess.com"]
[Source "ChessBase"]
[SourceQuality "1"]
[TimeControl "5400+30"]

1. Nf3 Nf6 2. d4 e6 3. c4 d5 4. Nc3 Bb4 5. e3 O-O 6. Bd3 c5 7. O-O cxd4 8. exd4 dxc4 9. Bxc4 b6 10. Bg5 Bxc3 11. bxc3 Bb7 12. Ne5 Nbd7 13. Qe2 Qc7 14. Nxd7 Nxd7 15. Rac1 h6 16. Bh4 Rac8 17. Bb5 Bc6 18. Bd3 Qd6 19. Rfd1 Rfe8 20. c4 e5 21. Bg3 Qf6 22. d5 Ba4 23. Re1 Nc5 24. Be4 g6 25. Rc3 Bd7 26. Re3 Qg7 27. Bc2 f6 28. f4 exf4 29. Bxf4 Rxe3 30. Qxe3 g5 31. Bd6 Qf7 32. Qd4 Re8 33. Rf1 f5 34. Bxc5 bxc5 35. Qxc5 Re2 36. Bb3 Qf6 37. d6 Be6 38. Qxa7 Qb2 39. Qa8+ Kg7 40. Kh1 Bf7 41. d7 Rf2 42. Rg1 1-0

[Event "7th Iberoamerican-ch 2019"]
[Site "Linares"]
[Date "2019.08.16"]
[Round "7.28"]
[White "Silva, Goncalo Nuno Neto Pi"]
[Black "Moral Garcia, Serafin"]
[Result "1/2-1/2"]
[ECO "C47"]
[WhiteElo "2085"]
[BlackElo "2281"]
[Annotator "NA"]
[PlyCount "130"]
[EventDate "2019.08.10"]
[EventType "swiss"]
[EventCountry "ESP"]
[SourceTitle "playchess.com"]
[Source "ChessBase"]
[SourceQuality "1"]
[TimeControl "5400+30"]

1. e4 e5 2. Nf3 Nc6 3. Nc3 Nf6 4. a3 g6 5. Bc4 Bg7 6. d3 d6 7. Be3 h6 8. h3 O-O 9. Qd2 Kh7 10. g4 Ng8 11. O-O-O a6 12. Rdg1 Nd4 13. Rg3 b5 14. Ba2 Be6 15. Bxe6 fxe6 16. Qd1 c5 17. h4 Rc8 18. g5 h5 19. Nd2 b4 20. Ncb1 bxa3 21. Nxa3 d5 22. c4 Rb8 23. cxd5 exd5 24. exd5 Qxd5 25. Nac4 Ne2+ 26. Qxe2 Qxh1+ 27. Qf1 Qxf1+ 28. Nxf1 e4 29. dxe4 Bd4 30. Nfd2 Ne7 31. Bxd4 cxd4 32. Ra3 Rxf2 33. Rxa6 Rb7 34. Rd6 Rf4 35. b4 Rxh4 36. b5 Nc8 37. Rxd4 Rg4 38. Nf3 Rf4 39. Nce5 Ne7 40. Kd2 Rf8 41. Ke3 Re8 42. Rd7 Rxd7 43. Nxd7 Kg7 44. Nfe5 Nc8 45. Kf4 Re6 46. Nc4 Re7 47. Nce5 Nd6 48. b6 Re8 49. Nf6 Ra8 50. Nc6 Nb7 51. e5 Kf7 52. Ke4 h4 53. Kd5 h3 54. e6+ Kg7 55. Ng4 Rh8 56. e7 Kf7 57. Nce5+ Ke8 58. Kc6 h2 59. Nxh2 Rxh2 60. Kxb7 Kxe7 61. Nxg6+ Ke6 62. Nf4+ Kf5 63. g6 Kf6 64. Kb8 Rf2 65. Nd3 Rf5 1/2-1/2

[Event "7th Iberoamerican-ch 2019"]
[Site "Linares"]
[Date "2019.08.16"]
[Round "7.29"]
[White "Forgas Moreno, Yaniela"]
[Black "Romero Berruezo, Francisco"]
[Result "0-1"]
[ECO "B56"]
[WhiteElo "2276"]
[BlackElo "2161"]
[Annotator "NA"]
[PlyCount "74"]
[EventDate "2019.08.10"]
[EventType "swiss"]
[EventCountry "ESP"]
[SourceTitle "playchess.com"]
[Source "ChessBase"]
[SourceQuality "1"]
[TimeControl "5400+30"]

1. e4 c5 2. Nf3 d6 3. d4 cxd4 4. Nxd4 Nf6 5. Nc3 Bd7 6. Be2 e5 7. Nb3 Bc6 8. Bg5 Be7 9. Qd3 O-O 10. O-O-O Nbd7 11. h4 b5 12. Nd5 Bxd5 13. exd5 a5 14. Qxb5 a4 15. Nd2 a3 16. b3 Ra5 17. Qb7 Nc5 18. Qc6 Qb8 19. b4 Qxb4 20. Nc4 Ra6 21. Qc7 Qc3 22. Rh3 Nb3+ 23. axb3 a2 24. Rxc3 a1=Q+ 25. Kd2 Ne4+ 26. Ke1 Qxc3+ 27. Kf1 Bxg5 28. hxg5 Ra1 29. Qc6 Rxd1+ 30. Bxd1 Qd4 31. Ne3 Qd2 32. Be2 Nc3 33. Bg4 Qc1+ 34. Nd1 Nxd1 35. Ke2 Nb2 36. Bf3 Qd1+ 37. Ke3 Qd4+ {[%emt 0:00:09] Ke4} 0-1

[Event "7th Iberoamerican-ch 2019"]
[Site "Linares"]
[Date "2019.08.16"]
[Round "7.30"]
[White "Perera Borrego, Maria Adela"]
[Black "Lacayo, Rene"]
[Result "0-1"]
[ECO "D31"]
[WhiteElo "2186"]
[BlackElo "2274"]
[Annotator "NA"]
[PlyCount "34"]
[EventDate "2019.08.10"]
[EventType "swiss"]
[EventCountry "ESP"]
[SourceTitle "playchess.com"]
[Source "ChessBase"]
[SourceQuality "1"]
[TimeControl "5400+30"]

1. d4 d5 2. c4 e6 3. Nc3 c6 4. e3 Nf6 5. Bd3 Nbd7 6. cxd5 exd5 7. Nf3 Bd6 8. h3 O-O 9. O-O Re8 10. Qc2 Nf8 11. Rb1 Qe7 12. a3 Ne4 13. b4 Bf5 14. Bb2 Ng6 15. b5 Qf6 16. bxc6 bxc6 17. Qe2 Nxc3 0-1

[Event "7th Iberoamerican-ch 2019"]
[Site "Linares"]
[Date "2019.08.16"]
[Round "7.31"]
[White "Rodriguez Del Cerro, Ricardo"]
[Black "Roselli Mailhe, Bernardo"]
[Result "0-1"]
[ECO "E63"]
[WhiteElo "2184"]
[BlackElo "2461"]
[Annotator "ChessBase"]
[PlyCount "60"]
[EventDate "2019.08.10"]
[EventType "swiss"]
[EventCountry "ESP"]
[SourceTitle "playchess.com"]
[Source "ChessBase"]
[SourceQuality "1"]
[TimeControl "5400+30"]

1. Nf3 Nf6 2. c4 g6 3. g3 Bg7 4. Bg2 O-O 5. O-O d6 6. d4 Nc6 7. Nc3 a6 8. d5 Na5 9. b3 c5 10. dxc6 Nxc6 11. Bb2 Qa5 12. Qc1 Bd7 13. Rd1 Rfc8 14. Nd5 Ne8 15. Bxg7 Nxg7 16. c5 dxc5 17. Nxe7+ Nxe7 18. Rxd7 Rc7 19. b4 Qb6 20. bxc5 Rxc5 21. Qb1 Rb5 22. Qd3 Nc6 23. a4 Rb4 24. Ng5 Ne5 25. Rxb7 Qf6 26. Ne4 Nf3+ 27. Bxf3 Qxa1+ 28. Kg2 Rxb7 29. Nc5 Rbb8 30. Bd5 Rd8 0-1

[Event "7th Iberoamerican-ch 2019"]
[Site "Linares"]
[Date "2019.08.16"]
[Round "7.32"]
[White "Mieles Palau, Daniel"]
[Black "Gomez Barrera, Javiera Belen"]
[Result "1-0"]
[ECO "C45"]
[WhiteElo "2384"]
[BlackElo "2156"]
[Annotator "NA"]
[PlyCount "87"]
[EventDate "2019.08.10"]
[EventType "swiss"]
[EventCountry "ESP"]
[SourceTitle "playchess.com"]
[Source "ChessBase"]
[SourceQuality "1"]
[TimeControl "5400+30"]

1. e4 e5 2. Nf3 Nc6 3. d4 exd4 4. Nxd4 Bc5 5. Nb3 Bb6 6. Qe2 a5 7. a4 Nf6 8. Nc3 O-O 9. Be3 Bxe3 10. Qxe3 Re8 11. f3 Nb4 12. O-O-O Qe7 13. g4 c6 14. Be2 d5 15. g5 Nd7 16. h4 dxe4 17. Nxe4 Nd5 18. Qg1 Qe5 19. h5 f5 20. gxf6 N7xf6 21. h6 g6 22. Bd3 b5 23. Re1 Bf5 24. Nxf6+ Qxf6 25. Rxe8+ Rxe8 26. Bxf5 Qxf5 27. Qa7 Qf7 28. Qxf7+ Kxf7 29. Nxa5 Ra8 30. Nxc6 Rxa4 31. Kd2 Kf6 32. c3 Rf4 33. Ke2 Rf5 34. Nd4 Re5+ 35. Kd2 Nf4 36. Ra1 Rh5 37. Ra5 Rxh6 38. Rxb5 Rh2+ 39. Ke3 g5 40. c4 h5 41. c5 Ke5 42. c6+ Kd6 43. Rxg5 Nd5+ 44. Rxd5+ 1-0

[Event "7th Iberoamerican-ch 2019"]
[Site "Linares"]
[Date "2019.08.16"]
[Round "7.33"]
[White "Fernandez Ayuso, Sergio"]
[Black "Perez Garcia, Alejandro"]
[Result "0-1"]
[ECO "B13"]
[WhiteElo "2153"]
[BlackElo "2347"]
[Annotator "ChessBase"]
[PlyCount "96"]
[EventDate "2019.08.10"]
[EventType "swiss"]
[EventCountry "ESP"]
[SourceTitle "playchess.com"]
[Source "ChessBase"]
[SourceQuality "1"]
[TimeControl "5400+30"]

1. e4 c6 2. d4 d5 3. exd5 cxd5 4. c4 Nf6 5. Nc3 Nc6 6. Nf3 Be6 7. Be2 g6 8. O-O Bg7 9. Ng5 O-O 10. Nxe6 fxe6 11. Be3 Rc8 12. Qd2 Kh8 13. b3 Ne8 14. Rad1 Nd6 15. Bh6 Bxh6 16. Qxh6 Nf5 17. Qg5 Qa5 18. cxd5 Ncxd4 19. Rxd4 Nxd4 20. Qe5+ Rf6 21. Qxd4 Qxc3 22. Qxa7 Qb4 23. dxe6 Rxe6 24. Bc4 Re1 25. Qd4+ e5 26. Qd5 Rf8 27. a4 Qb6 28. Qd2 Rxf1+ 29. Kxf1 Rd8 30. Qg5 Qd6 31. g3 Rf8 32. Qe3 Kg7 33. Kg1 b6 34. Kf1 Rd8 35. Kg2 Qd4 36. Qg5 Qe4+ 37. f3 Qc2+ 38. Kh3 Qf5+ 39. Kh4 Rd4+ 40. g4 Qxg5+ 41. Kxg5 Rd2 42. h3 h6+ 43. Kh4 Rg2 44. b4 g5+ 45. Kh5 Rg3 46. Bf1 Rg1 47. a5 Rxf1 48. f4 Rh1 0-1

[Event "7th Iberoamerican-ch 2019"]
[Site "Linares"]
[Date "2019.08.16"]
[Round "7.34"]
[White "Arroyo Rodriguez, Jesus"]
[Black "Serarols Mabras, Bernat"]
[Result "0-1"]
[ECO "B10"]
[WhiteElo "2126"]
[BlackElo "2338"]
[Annotator "NA"]
[PlyCount "90"]
[EventDate "2019.08.10"]
[EventType "swiss"]
[EventCountry "ESP"]
[SourceTitle "playchess.com"]
[Source "ChessBase"]
[SourceQuality "1"]
[TimeControl "5400+30"]

1. e4 c6 2. Nc3 d5 3. Nf3 Nf6 4. e5 Ne4 5. d4 Nxc3 6. bxc3 c5 7. c4 Nc6 8. c3 e6 9. Be2 cxd4 10. cxd4 Bb4+ 11. Kf1 dxc4 12. Be3 c3 13. a3 Be7 14. h4 h6 15. Bd3 Qa5 16. Be4 Bd7 17. g3 Rc8 18. Kg2 Nd8 19. Qb1 Bc6 20. Bxc6+ Rxc6 21. Rc1 O-O 22. Qd3 b6 23. g4 Qd5 24. Kg3 f5 25. g5 hxg5 26. hxg5 Nf7 27. Rh1 Nh8 28. Rxh8+ Kxh8 29. Rh1+ Kg8 30. Bf4 c2 31. g6 Bh4+ 32. Rxh4 c1=Q 33. Bxc1 Rxc1 34. Qe2 f4+ 35. Kh2 Rf5 36. Ne1 Rg5 37. Qd3 Rxe1 38. Rh8+ Kxh8 39. Qh3+ Kg8 40. Qh7+ Kf8 41. Qh8+ Ke7 42. Qxg7+ Kd8 43. Qf8+ Kd7 44. Qf7+ Kc6 45. Qe8+ Qd7 0-1

[Event "7th Iberoamerican-ch 2019"]
[Site "Linares"]
[Date "2019.08.16"]
[Round "7.35"]
[White "Alvarez Morales, Miguel"]
[Black "Garcia Martin, Marta"]
[Result "0-1"]
[ECO "B20"]
[WhiteElo "1965"]
[BlackElo "2313"]
[Annotator "NA"]
[PlyCount "66"]
[EventDate "2019.08.10"]
[EventType "swiss"]
[EventCountry "ESP"]
[SourceTitle "playchess.com"]
[Source "ChessBase"]
[SourceQuality "1"]
[TimeControl "5400+30"]

1. e4 c5 2. c4 Nc6 3. Nc3 g6 4. g3 Bg7 5. Bg2 d6 6. Nge2 h5 7. h3 Bd7 8. d3 a6 9. Be3 Nd4 10. O-O b5 11. e5 dxe5 12. Bxa8 Qxa8 13. Nd5 Qc6 14. Bxd4 exd4 15. Qd2 e6 16. Rfe1 Kf8 17. Ndf4 Ne7 18. Qa5 Bf6 19. cxb5 axb5 20. b4 e5 21. bxc5 exf4 22. Nxf4 g5 23. Ng2 Bxh3 24. Re4 Bf5 25. Ree1 Nd5 26. a4 bxa4 27. Rxa4 Kg7 28. Ra3 Nc3 29. Ne3 dxe3 30. Rxc3 exf2+ 31. Kxf2 Bd4+ 32. Ke2 Re8+ 33. Kd2 Qg2+ 0-1

[Event "7th Iberoamerican-ch 2019"]
[Site "Linares"]
[Date "2019.08.16"]
[Round "7.36"]
[White "Diaz Mino, Daniel"]
[Black "Calzetta Ruiz, Monica"]
[Result "0-1"]
[ECO "B24"]
[WhiteElo "1888"]
[BlackElo "2257"]
[Annotator "NA"]
[PlyCount "66"]
[EventDate "2019.08.10"]
[EventType "swiss"]
[EventCountry "ESP"]
[SourceTitle "playchess.com"]
[Source "ChessBase"]
[SourceQuality "1"]
[TimeControl "5400+30"]

1. e4 c5 2. Nc3 Nc6 3. g3 g6 4. Bg2 Bg7 5. d3 Nf6 6. f4 d6 7. Nf3 O-O 8. O-O Bg4 9. h3 Bxf3 10. Bxf3 Rb8 11. a4 a6 12. Be3 Nd7 13. Rb1 Nd4 14. Bg2 b5 15. axb5 axb5 16. Ne2 b4 17. g4 Ra8 18. Qd2 Nxe2+ 19. Qxe2 Ra2 20. b3 Qb6 21. f5 Bd4 22. Bxd4 cxd4 23. g5 Qc5 24. Rbc1 Rc8 25. Rf2 Ne5 26. f6 e6 27. h4 Qc3 28. Bf1 Rc5 29. Qd1 Rca5 30. h5 Ra1 31. Rxa1 Rxa1 32. Qe2 Re1 33. Qd2 Nf3+ 0-1

[Event "7th Iberoamerican-ch 2019"]
[Site "Linares"]
[Date "2019.08.16"]
[Round "7.37"]
[White "Garcia Morales, Ivette Ale"]
[Black "Diaz Mino, Pablo"]
[Result "0-1"]
[ECO "E62"]
[WhiteElo "1988"]
[BlackElo "2239"]
[Annotator "RC"]
[PlyCount "136"]
[EventDate "2019.08.10"]
[EventType "swiss"]
[EventCountry "ESP"]
[SourceTitle "playchess.com"]
[Source "ChessBase"]
[SourceQuality "1"]
[TimeControl "5400+30"]

1. d4 Nf6 2. Nf3 g6 3. g3 Bg7 4. Bg2 O-O 5. O-O d6 6. c4 c6 7. Nc3 Qa5 8. h3 Be6 9. Qd3 Qa6 10. b3 d5 11. Ne5 Rd8 12. cxd5 Nxd5 13. Nxd5 Bxd5 14. Qxa6 Nxa6 15. e3 Bxg2 16. Kxg2 Bxe5 17. dxe5 Rd5 18. f4 Rad8 19. Rf2 R8d7 20. Ba3 Ra5 21. Bb2 Rd3 22. Kf3 Rad5 23. Ba3 Kf8 24. Rh1 Nc7 25. g4 g5 26. Ke4 gxf4 27. Rxf4 Ne6 28. Rf5 Rd1 29. Rxd1 Rxd1 30. h4 c5 31. Rf2 a5 32. Rc2 b6 33. Kf3 Kg7 34. Bb2 Kg6 35. Rf2 h6 36. Ke4 Rg1 37. Kf3 h5 38. gxh5+ Kxh5 39. Ke4 Kxh4 40. Kd5 Nd8 41. Rh2+ Kg3 42. Rh8 Kf3 43. Rxd8 Rd1+ 44. Bd4 cxd4 45. exd4 Ke3 46. Kc4 e6 47. a4 Rd3 48. Rd7 Rd2 49. b4 axb4 50. Kxb4 Rxd4+ 51. Rxd4 Kxd4 52. Kb5 Kxe5 53. Kxb6 f5 54. a5 f4 55. a6 f3 56. a7 f2 57. a8=Q f1=Q 58. Qb8+ Ke4 59. Qb7+ Ke3 60. Kc5 e5 61. Qd5 Qf8+ 62. Kc4 Qf4+ 63. Kb3 Qd4 64. Qg2 Qd3+ 65. Kb4 Qe4+ 66. Qxe4+ Kxe4 67. Kc4 Kf3 68. Kd3 e4+ 0-1

[Event "7th Iberoamerican-ch 2019"]
[Site "Linares"]
[Date "2019.08.16"]
[Round "7.38"]
[White "Paiva, Henrique M A Alberga"]
[Black "Torres Sanchez, Jose"]
[Result "1/2-1/2"]
[ECO "B28"]
[WhiteElo "2106"]
[BlackElo "2304"]
[Annotator "NA"]
[PlyCount "39"]
[EventDate "2019.08.10"]
[EventType "swiss"]
[EventCountry "ESP"]
[SourceTitle "playchess.com"]
[Source "ChessBase"]
[SourceQuality "1"]
[TimeControl "5400+30"]

1. e4 c5 2. Nf3 a6 3. c3 d5 4. exd5 Qxd5 5. d4 g6 6. Be2 Bg7 7. O-O Nf6 8. c4 Qd6 9. Nc3 O-O 10. dxc5 Qxc5 11. Be3 Qa5 12. Qb3 Nbd7 13. Nd5 Nxd5 14. cxd5 Nf6 15. Rfd1 Bd7 16. a4 Bf5 17. Rac1 Bd7 18. Ra1 Bf5 19. Rac1 Bd7 20. Ra1 1/2-1/2

[Event "7th Iberoamerican-ch 2019"]
[Site "Linares"]
[Date "2019.08.16"]
[Round "7.39"]
[White "Riquelme Valero, Manuel Damian"]
[Black "Gines Abad, Pedro"]
[Result "1/2-1/2"]
[ECO "D27"]
[WhiteElo "2157"]
[BlackElo "1964"]
[Annotator "NA"]
[PlyCount "31"]
[EventDate "2019.08.10"]
[EventType "swiss"]
[EventCountry "ESP"]
[SourceTitle "playchess.com"]
[Source "ChessBase"]
[SourceQuality "1"]
[TimeControl "5400+30"]

1. d4 d5 2. c4 dxc4 3. Nf3 c5 4. e3 Nf6 5. Bxc4 e6 6. O-O a6 7. dxc5 Qxd1 8. Rxd1 Bxc5 9. Nbd2 b5 10. Be2 Nbd7 11. a4 b4 12. b3 Bb7 13. Bb2 Ke7 14. Rac1 Rhc8 15. Nc4 Bd5 16. Nfd2 1/2-1/2

[Event "7th Iberoamerican-ch 2019"]
[Site "Linares"]
[Date "2019.08.16"]
[Round "7.40"]
[White "Sanchez Jerez, Emilio Miguel"]
[Black "Ingunza Curro, Andres"]
[Result "0-1"]
[ECO "A01"]
[WhiteElo "2141"]
[BlackElo "2103"]
[Annotator "ChessBase"]
[PlyCount "104"]
[EventDate "2019.08.10"]
[EventType "swiss"]
[EventCountry "ESP"]
[SourceTitle "playchess.com"]
[Source "ChessBase"]
[SourceQuality "1"]
[TimeControl "5400+30"]

1. b3 e5 2. Bb2 Nc6 3. e3 Nf6 4. Nf3 e4 5. Ne5 Bd6 6. Ng4 Be7 7. Nxf6+ Bxf6 8. Bxf6 Qxf6 9. Nc3 Qe5 10. Bc4 Ne7 11. f4 exf3 12. Qxf3 f5 13. O-O c6 14. d4 Qc7 15. e4 b5 16. exf5 Qd6 17. f6 gxf6 18. Qe3 f5 19. Bd3 O-O 20. Rae1 Rf7 21. a4 a6 22. Ne2 Bb7 23. c4 Raf8 24. c5 Qg6 25. Nf4 Qh6 26. b4 Rg7 27. Bc2 Ng6 28. g3 Kh8 29. Nxg6+ Qxg6 30. Qe5 h5 31. Rxf5 Rxf5 32. Bxf5 Qg5 33. Rf1 h4 34. Kg2 bxa4 35. g4 a3 36. Qf4 Qxf4 37. Rxf4 Re7 38. Rf3 a2 39. Ra3 Re2+ 40. Kf3 Rxh2 41. g5 Rb2 42. Kg4 Kg7 43. Bxd7 Rxb4 44. Be6 Rxd4+ 45. Kh5 Re4 46. Bxa2 Bc8 47. g6 h3 48. Bb1 Re5+ 49. Kh4 h2 50. Rh3 Bxh3 51. Be4 Rxe4+ 52. Kg5 h1=Q 0-1

[Event "7th Iberoamerican-ch 2019"]
[Site "Linares"]
[Date "2019.08.17"]
[Round "8.2"]
[White "Delgado Ramirez, Neuris"]
[Black "Albornoz Cabrera, Carlos Daniel"]
[Result "0-1"]
[ECO "B30"]
[WhiteElo "2612"]
[BlackElo "2566"]
[Annotator "RC"]
[PlyCount "52"]
[EventDate "2019.08.10"]
[EventType "swiss"]
[EventCountry "ESP"]
[SourceTitle "playchess.com"]
[Source "ChessBase"]
[SourceQuality "1"]
[TimeControl "5400+30"]

1. e4 c5 2. Nf3 Nc6 3. Bb5 d6 4. O-O Bd7 5. Re1 Nf6 6. h3 Ne5 7. Bf1 e6 8. c3 Nxf3+ 9. Qxf3 Be7 10. d4 Bc6 11. dxc5 dxc5 12. Qf4 g5 13. Qg3 Rg8 14. e5 Ne4 15. Qd3 Qxd3 16. Bxd3 O-O-O 17. Be2 g4 18. hxg4 h5 19. Na3 hxg4 20. Bf4 Bg5 21. Bxg5 Rxg5 22. Nc4 b5 23. Ne3 g3 24. f4 Rg7 25. Ng4 Rh8 26. Bf3 Rxg4 0-1

[Event "7th Iberoamerican-ch 2019"]
[Site "Linares"]
[Date "2019.08.17"]
[Round "8.3"]
[White "Huerga Leache, Mikel"]
[Black "Lopez Martinez, Josep Manuel"]
[Result "1/2-1/2"]
[ECO "B40"]
[WhiteElo "2440"]
[BlackElo "2581"]
[Annotator "ChessBase"]
[PlyCount "115"]
[EventDate "2019.08.10"]
[EventType "swiss"]
[EventCountry "ESP"]
[SourceTitle "playchess.com"]
[Source "ChessBase"]
[SourceQuality "1"]
[TimeControl "5400+30"]

1. e4 c5 2. Nf3 e6 3. c3 Nf6 4. e5 Nd5 5. d4 cxd4 6. cxd4 d6 7. Bc4 Nb6 8. Bd3 Bd7 9. O-O Bc6 10. Nc3 N8d7 11. Ng5 Be7 12. Qh5 g6 13. Qh6 Bf8 14. Qh3 dxe5 15. dxe5 Nxe5 16. Bc2 Bg7 17. Re1 Qd4 18. Nxe6 fxe6 19. Qxe6+ Kf8 20. Be3 Qb4 21. a3 Qc4 22. Qd6+ Kg8 23. Qd1 Qf7 24. Bxb6 axb6 25. Rxe5 Qc7 26. Bb3+ Kf8 27. Re3 Be5 28. Nd5 Qd6 29. Qe2 Re8 30. Re1 Bxh2+ 31. Kh1 Kg7 32. Re7+ Rxe7 33. Qxe7+ Qxe7 34. Rxe7+ Kf8 35. Kxh2 Bxd5 36. Re3 Bc6 37. f4 h6 38. Re6 g5 39. f5 Rh7 40. Kg3 Rd7 41. Rf6+ Ke7 42. Rf7+ Kd6 43. Rxd7+ Bxd7 44. f6 h5 45. Kf2 h4 46. Kf3 Bc6+ 47. Kg4 Bxg2 48. Kxg5 h3 49. Kg6 h2 50. f7 h1=Q 51. f8=Q+ Kc7 52. Qf4+ Kd7 53. Qd4+ Kc8 54. Be6+ Kb8 55. Qf4+ Ka7 56. Qa4+ Kb8 57. Qf4+ Ka7 58. Qa4+ 1/2-1/2